 Dungeon Crawl Stone Soup version 0.24.0-125-gc4c63601f3 (webtiles) character file.

Game seed: 5894396800474662605, levelgen mode: deterministic

402 Hugehornet the Thaumaturge (level 6, -10/32 HPs)
             Began as a Deep Elf Conjurer on Mar 17, 2020.
             Killed from afar by an electric eel (15 damage)
             ... with a bolt of electricity
             ... on level 6 of the Dungeon.
             The game lasted 00:18:53 (3827 turns).

Hugehornet the Thaumaturge (Deep Elf Conjurer)      Turns: 3827, Time: 00:18:54

Health: -10/32     AC:  3    Str:  7    XL:     6   Next: 55%
Magic:  1/19       EV: 13    Int: 20    God:
Gold:   158        SH:  0    Dex: 15    Spells: 12/22 levels left

rFire    . . .     SeeInvis .   m - +1 whip (flame)
rCold    . . .     Gourm    .   (no shield)
rNeg     . . .     Faith    .   a - +0 robe
rPois    .         Spirit   .   u - +0 helmet
rElec    .         Reflect  .   (no cloak)
rCorr    .         Harm     .   (no gloves)
MR       .....                  (no boots)
Stlth    ++........             (no amulet)
HPRegen  0.10/turn              (no ring)
MPRegen  0.16/turn              (no ring)

@: hasted, very quick
A: no striking features
a: no special abilities


You were on level 6 of the Dungeon.
You were hungry.

You visited 1 branch of the dungeon, and saw 6 of its levels.

You collected 158 gold pieces.

Inventory:

Hand Weapons
 m - a +1 whip of flaming (weapon)
Armour
 a - a +0 robe (worn)
 u - a +0 helmet (worn)
Wands
 k - a wand of scattershot (7)
Scrolls
 f - 3 scrolls of identify
 g - a scroll of enchant armour {unknown}
 h - a scroll of teleportation {unknown}
 i - a scroll of random uselessness {unknown}
 o - a scroll of fear {unknown}
 p - a scroll of remove curse
 r - a scroll of immolation {unknown}
Potions
 j - 2 potions of agility
 l - a potion of haste
 n - 2 potions of might {unknown}
 q - a potion of flight {unknown}
 t - a potion of degeneration {unknown}
Comestibles
 c - 6 rations
 s - a chunk of flesh


   Skills:
 - Level 2.4 Dodging
 - Level 2.4 Stealth
 + Level 8.8 Spellcasting
 - Level 5.2 Conjurations


You had 12 spell levels left.
You knew the following spells:

 Your Spells              Type           Power        Failure   Level  Hunger
a - Magic Dart            Conj           ####         1%          1    None
b - Searing Ray           Conj           ####..       1%          2    None
c - Dazzling Spray        Conj/Hex       ###...       9%          3    None
d - Iskenderun's Mystic   Conj           ####....     9%          4    ###....

Your spell library contained the following spells:

 Spells                   Type           Power        Failure   Level  Hunger
 Shock                    Conj/Air       ###.         2%          1    None
 Static Discharge         Conj/Air       ###.....     9%          3    None
 Swiftness                Chrm/Air       #.......     12%         2    None
 Force Lance              Conj/Tloc      ###.....     26%         4    ###....
 Fulminant Prism          Conj/Hex       ###.......   26%         4    ###....
 Lightning Bolt           Conj/Air       ###.......   58%         5    #####..
 Airstrike                Air            #.........   61%         4    ###....


Dungeon Overview and Level Annotations

Branches:
Dungeon (7/15)             Temple (0/1) D:4

Altars:
Dithmenos
Nemelex Xobeh
Xom

Annotations:
D:7 1 transporter


Message History

As you read the scroll labeled YTIDEENKIZA, it crumbles to dust.
It is a scroll of enchant weapon.
Your +0 whip of flaming glows red for a moment.
As you read the scroll labeled TAJALY HESUOCI, it crumbles to dust.
The scroll dissolves into smoke.
It was a scroll of fog.
Casting: Iskenderun's Mystic Blast (safe; 9% risk of failure)
Confirm with . or Enter, or press ? or * to list all spells.
Aiming: Iskenderun's Mystic Blast (safe; 9% risk of failure)
Press: ? - help, Shift-Dir - straight line, f/p - ice beast
Aim: an ice beast (grey smoke, severely wounded)
The orb of energy hits the ice beast.
The ice beast is severely wounded.
As you open the door, it creaks loudly!
Found a scroll of magic mapping.
Found a potion of agility.
There is an open door here.
An electric eel comes into view.
The electric eel shoots out a bolt of lightning at you!
The bolt of electricity hits you!
You die...

#.#********,*,,,*
#.#**####**,*,*,**
#######.#*,...,,,,,,,,,,
#########§§...#.#*..#**≈,,≈***,,
#..s..§Y§§§§..Y.##.#,,,*≈≈*,,,*,
#.#######§§§..#....#,⌠.*≈≈*,⌠,*,
#.# #§§§..#.#..#...*≈≈*,,,*, #Y#
*######.....###≈≈≈≈***,, #.#
*****####*#@....?.;≈≈≈≈≈,,,, #s#
*,,,..%.........!.≈≈≈≈≈≈,,,,
#.#####.....####....###≈≈≈≈***,,
#...s...."..# *#..#...*≈≈*,,,*,
#######.....# *..#.⌠.*≈≈*,⌠,*,
*,....#* *#.#,..*≈≈*,,,*,
*,,....* *..***≈,,≈***,,
*,,,...* *...,,,,,,,,,,,
*,,,,..* *,,,,,,,,*,*,,,


You could see an ice beast and an electric eel.

Vanquished Creatures
  An ogre (D:7)
  2 howler monkeys (D:4)
  A hound (D:6)
  An orc priest (D:4)
  An iguana (D:3)
  7 adders
  2 shadow imps (D:7)
  An ooze (D:2)
  3 worms
  A dart slug (D:3)
  5 leopard geckos
  4 orcs
  2 giant cockroaches
  10 hobgoblins
  2 jackals (D:1)
  3 bats
  5 frilled lizards
  7 goblins
  4 kobolds
  7 rats
69 creatures vanquished.

Vanquished Creatures (others)
  7 plants (D:7)
7 creatures vanquished.

Grand Total: 76 creatures vanquished

Notes
Turn   | Place    | Note
-------+----------+-------------------------------------------
     0 | D:1      | Hugehornet the Deep Elf Conjurer began the quest for the
                  | Orb.
     0 | D:1      | Reached XP level 1. HP: 10/10 MP: 6/6
   167 | D:1      | Reached XP level 2. HP: 15/15 MP: 6/8
   374 | D:1      | Learned a level 2 spell: Searing Ray
   519 | D:1      | Reached skill level 5 in Conjurations
   867 | D:2      | Reached skill level 4 in Spellcasting
   867 | D:2      | Reached XP level 3. HP: 19/19 MP: 0/10
  1611 | D:2      | Reached skill level 5 in Spellcasting
  1727 | D:2      | Found a sparkling altar of Nemelex Xobeh.
  1767 | D:2      | Reached XP level 4. HP: 24/24 MP: 11/13
  1975 | D:2      | Learned a level 3 spell: Dazzling Spray
  1980 | D:2      | Learned a level 4 spell: Iskenderun's Mystic Blast
  2270 | D:3      | Reached skill level 6 in Spellcasting
  2498 | D:3      | Found a shimmering altar of Xom.
  2529 | D:3      | Reached XP level 5. HP: 4/28 MP: 6/15
  2954 | D:3      | Found a shadowy altar of Dithmenos.
  3344 | D:4      | Reached skill level 7 in Spellcasting
  3418 | D:4      | Found a staircase to the Ecumenical Temple.
  3520 | D:4      | You fall into a shaft and drop 3 floors!
  3520 | D:7      | Found a transporter.
  3520 | D:7      | Noticed a wolf
  3544 | D:7      | Noticed a wolf
  3550 | D:7      | Noticed a wolf
  3583 | D:7      | Reached XP level 6. HP: 32/32 MP: 13/18
  3614 | D:7      | Reached skill level 8 in Spellcasting
  3786 | D:6      | Noticed an ice beast
  3827 | D:6      | Killed from afar by an electric eel

Levels and vault maps discovered:
D:1:      psy_arrival_fountain, layout_rooms
D:2:      layout_loops_ring, nemelex_xobeh_ov_fountains_minmay
D:3:      layout_basic, nicolae_dithmenos_through_a_glass_darkly,
          xom_teletrap_fun
D:4:      layout_loops_cross, minmay_temple_entry_sparse_star, first_ration,
          kennysheep_generic_room_15, uniq_eustachio
D:6:      layout_basic, fountainhead
D:7:      layout_loops_ring, serial_shops, shop, gammafunk_ghost_gnarly_gnolls

Skill      XL: |  1  2  3  4  5  6 |
---------------+-------------------+-----
Conjurations   | 5 |  5.2
Spellcasting   | 4 5 6 7 8 |  8.8
Dodging        | |  2.4
Stealth        | |  2.4

Action                   |  1- 3 |  4- 6 || total
-------------------------+-------+-------++-------
Melee: Whip              |       |     3 ||     3
 Cast: Magic Dart        |    55 |    72 ||   127
       Searing Ray       |    24 |     4 ||    28
       Iskenderun's Myst |       |    14 ||    14
  Use: Scroll            |       |     5 ||     5
       Potion            |       |     1 ||     1
  Eat: Ration            |     1 |       ||     1
       Chunk             |       |     6 ||     6
Armor: Robe              |       |     1 ||     1
Dodge: Dodged            |    11 |    11 ||    22
